 Dungeon Crawl Stone Soup version 0.30.0-5-g1a98f26d00 (webtiles) character file.

Game seed: 13566135962142423396

44 SnakkuSnakku7 the Firebug (level 3, -3/18 HPs)
             Began as a Vine Stalker Fire Elementalist on May 13, 2023.
             Slain by Robin
             ... wielding a +2 mace of holy wrath
              (4 damage)
             ... on level 1 of the Dungeon.
             The game lasted 00:01:32 (1060 turns).

SnakkuSnakku7 the Firebug (VSFE)                    Turns: 1060, Time: 00:01:33

Health: -3/18      AC:  6    Str: 12    XL:     3   Next: 60%
Magic:  0/7        EV: 10    Int: 15    God:
Gold:   32         SH:  0    Dex: 14    Spells: 5/6 levels left

rFire   . .          .
                       - Unarmed
rCold   . . .        (no shield)
rNeg    . . .        e - +0 ring mail
rPois   .            f - +0 helmet
rElec   .            (no cloak)
rCorr   .            (no gloves)
SInv    .            (no boots)
Will    .....        (no amulet)
Stlth   +            (no ring)
HPRegen 0.23/turn    (no ring)
MPRegen 0.10/turn

%: guardian spirit
@: no status effects
A: fangs 2, magic shield, antimagic bite, no potion heal 2
a: no special abilities


You were on level 1 of the Dungeon.
You visited 1 branch of the dungeon, and saw 2 of its levels.

You collected 32 gold pieces.

Inventory:

Armour
 a - a +0 robe
 e - a +0 ring mail (worn)
 f - a +0 helmet (worn)
Scrolls
 c - 4 scrolls of identify {unknown}
 d - a scroll of teleportation {unknown}
Potions
 b - a potion of magic
 g - a potion of haste {unknown}


   Skills:
 + Level 1.8 Fighting
 - Level 1.5 Dodging
 - Level 2.4 Stealth
 + Level 2.1 Unarmed Combat
 - Level 2.1 Spellcasting
 - Level 1.0 Conjurations
 - Level 3.0 Fire Magic


You had 5 spell levels left.
You knew the following spells:

 Your Spells              Type           Power      Damage    Failure   Level
a - Foxfire               Conj/Fire      28%        2x1d5     22%         1

Your spell library contained the following spells:

 Spells                   Type           Power      Damage    Failure   Level
 Scorch                   Fire           20%        2d6       22%         2
 Inner Flame              Hex/Fire       6%         N/A       63%         3
 Volatile Blastmotes      Fire/Tloc      12%        2d11      63%         3
 Flame Wave               Conj/Fire      7%         2d5       91%         4


Dungeon Overview and Level Annotations

Branches:
Dungeon (2/15)

Altars:

Annotations:
D:1 Robin


Innate Abilities, Weirdness & Mutations

You have extremely sharp teeth.
When hurt, damage is shared between your health and your magic reserves.
Your bite disrupts and absorbs the magic of your enemies.
Potions cannot restore your health.


Message History

Level annotation: Robin
There is a stone staircase leading up here.
Unknown command.
Robin hits you with a +2 mace of holy wrath.
You climb upwards.
There is a stone staircase leading down here.
You closely miss Robin. Robin barely misses you.
You hit Robin. You bite Robin. You drain their power.
You feel invigorated.
Robin is moderately wounded.
Robin hits you with a +2 mace of holy wrath.
You hit Robin. You bite Robin. You drain their power.
You feel invigorated.
Robin is heavily wounded.
Robin hits you with a +2 mace of holy wrath.
You are too injured to fight recklessly!
You are too injured to fight recklessly!
You are too injured to fight recklessly!
You hit Robin.
Robin is heavily wounded.
Robin says, "My goblins will feast on your bones."
Robin hits you but does no damage.
You closely miss Robin. Your bite misses Robin.
Robin is heavily wounded.
Robin hits you with a +2 mace of holy wrath.
You hit Robin but do no damage.
Robin is heavily wounded.
Robin hits you with a +2 mace of holy wrath.
* * * LOW HITPOINT WARNING * * *
You barely miss Robin. You bite Robin. You drain their power.
You feel invigorated.
Robin is severely wounded.
Robin hits you with a +2 mace of holy wrath.
* * * LOW HITPOINT WARNING * * *
You hit Robin.
Robin is almost dead.
Robin hits you with a +2 mace of holy wrath.
* * * LOW HITPOINT WARNING * * *
You barely miss Robin. Your bite misses Robin.
Robin is almost dead.
Robin hits you with a +2 mace of holy wrath.
You die...

############# #...........#
###.#########.# #....)....#
#.# #.#.#####.###.#
#.#.##........#
####.#.##@##.##..#
##....#.##g##.##..#####
#.###.#.##.#..........#####
#.# #....#.....#..##...)..)
#.###......###....##..#####
#.....................#
#.#.#......###..#####.#
#.#.##..........# #.#
###.#.###.........# #.#


You could see Robin.

Vanquished Creatures
  3 dart slugs (D:1)
  An endoplasm (D:1)
  A giant cockroach (D:2)
  7 goblins
  8 hobgoblins
  2 jackals (D:1)
  A kobold (D:1)
  A quokka (D:1)
  3 ball pythons (D:1)
  2 bats (D:1)
  3 frilled lizards (D:1)
  2 rats (D:1)
34 creatures vanquished.

Vanquished Creatures (others)
  3 foxfires (D:1)
3 creatures vanquished.

Grand Total: 37 creatures vanquished

Notes
Turn   | Place    | Note
-------+----------+-------------------------------------------
     0 | D:1      | SnakkuSnakku7 the Vine Stalker Fire Elementalist began the
                  | quest for the Orb.
     0 | D:1      | Reached XP level 1. HP: 9/9 MP: 4/4
   134 | D:1      | Reached skill level 1 in Unarmed Combat
   134 | D:1      | Reached XP level 2. HP: 9/14 MP: 4/6
   171 | D:1      | Reached skill level 1 in Fighting
   481 | D:1      | Reached XP level 3. HP: 10/18 MP: 2/7
   926 | D:2      | Noticed Robin
  1060 | D:1      | Slain by Robin

Illustrated notes

Levels and vault maps discovered:
D:1:      erik_arrival_orb_chamber, layout_loops_ring, minmay_misc_feat_cross
D:2:      cheibrodos_old_hovel, layout_loops_cross, serial_shops, shop,
          basic_ecumenical_altar, guppyfry_early_orc_mine, uniq_robin

Skill      XL: |  1  2  3 |
---------------+----------+-----
Unarmed Combat | 1 2 |  2.1
Fighting       | 1 |  1.8
Dodging        | |  1.5
Stealth        | |  2.4
Spellcasting   | |  2.1
Conjurations   | |  1.0
Fire Magic     | |  3.0

Action                     || total
---------------------------++-------
  Melee: Unarmed           ||   126
         Bite              ||    40
         Punch             ||     1
   Cast: Foxfire           ||     2
   Stab: Sleeping          ||     1
 Armour: Robe              ||     6
         Ring mail         ||    34
  Dodge: Dodged            ||    52
